 Dungeon Crawl Stone Soup version 0.29-a0-666-g26d293caef (webtiles) character file.

Game seed: 7334029324212496282

1530 NoAnimeNoLife the Quickloader (level 8, 0/51 HPs)
             Began as an Octopode Transmuter on June 23, 2022.
             Slain by a manticore (2 damage)
             ... on level 6 of the Dungeon.
             The game lasted 00:08:33 (7192 turns).

NoAnimeNoLife the Quickloader (Octopode Transmuter) Turns: 7192, Time: 00:08:34

Health: 0/51       AC:  1    Str:  9    XL:     8   Next: 85%
Magic:  20/20      EV: 13    Int: 14    God:
Gold:   367        SH:  5    Dex: 17    Spells: 8/11 levels left

rFire   . . .      SeeInvis .   c - +11 arbalest "Tuross" {elec, rElec Int-3 Dex+4}
rCold   . . .      Faith    .   (shield currently unavailable)
rNeg    . . .      Spirit   .   (helmet restricted)
rPois   .          Reflect  +   q - amulet of reflection
rElec   +          Harm     .   x - ring of magical power
rCorr   .          Rampage  .   (no ring)
Will    .....                   (no ring)
Stlth   ++++......              (no ring)
HPRegen 0.17/turn               (no ring)
MPRegen 0.17/turn               (no ring)
                                (no ring)
                                (no ring)

@: spiked, invisible
A: almost no armour, amphibious, 8 rings, camouflage 1, gelatinous body 1,
(nimble swimmer 1), tentacles
a: no special abilities


You were on level 6 of the Dungeon.
You visited 1 branch of the dungeon, and saw 6 of its levels.

You collected 367 gold pieces.

Inventory:

Hand Weapons
 c - the +11 arbalest "Tuross" (weapon) {elec, rElec Int-3 Dex+4}
   (You acquired it on level 3 of the Dungeon)

   Any ammunition fired from it occasionally discharges a powerful burst of
   electricity upon striking a foe.
   Int:       It affects your intelligence (-3).
   Dex:       It affects your dexterity (+4).
   rElec:     It insulates you from electricity.
Missiles
 m - 2 throwing nets
Jewellery
 q - an amulet of reflection (around mantle)
 x - a ring of magical power (left tentacle)
Wands
 e - a wand of flame (25)
 w - a wand of charming (11)
Scrolls
 f - 2 scrolls of summoning {unknown}
 g - 3 scrolls of enchant armour
 k - a scroll of magic mapping {unknown}
 n - 2 scrolls of teleportation
 o - 2 scrolls of immolation {unknown}
 p - a scroll of amnesia {unknown}
 r - a scroll of noise {unknown}
 y - 2 scrolls of identify
 z - a scroll of vulnerability {unknown}
Potions
 a - 2 potions of lignification
 b - a potion of attraction
 d - a potion of invisibility
 h - a potion of ambrosia {unknown}
 i - a potion of berserk rage
 j - 2 potions of flight
 l - 5 potions of curing
 s - 2 potions of might {unknown}
 t - a potion of brilliance {unknown}
 u - a potion of mutation {unknown}
 v - a potion of haste {unknown}


   Skills:
 - Level 2.6 Fighting
 + Level 9.7 Crossbows
 - Level 2.0 Dodging
 - Level 3.3 Stealth
 - Level 3.9 Unarmed Combat
 - Level 2.0 Spellcasting
 - Level 2.0 Transmutations


You had 8 spell levels left.
You knew the following spells:

 Your Spells              Type           Power      Damage    Failure   Level
a - Beastly Appendage     Tmut           14%        N/A       11%         1
b - Wereblood             Tmut           7%         N/A       16%         2

Your spell library contained the following spells:

 Spells                   Type           Power      Damage    Failure   Level
 Shock                    Conj/Air       4%         1d3       24%         1
 Sublimation of Blood     Necr           1%         N/A       34%         2
 Spider Form              Tmut/Pois      4%         N/A       43%         3
 Ignite Poison            Fire/Tmut/Pois 3%         N/A       50%         3
 Mephitic Cloud           Conj/Pois/Air  1%         N/A       56%         3
 Swiftness                Air            1%         N/A       56%         3
 Ice Form                 Ice/Tmut       4%         N/A       83%         4
 Airstrike                Air            0%         N/A       93%         4
 Anguish                  Hex/Necr       0%         N/A       93%         4
 Fulminant Prism          Conj/Hex       0%         3d6       93%         4
 Iskenderun's Mystic Bla  Conj/Tloc      1%         2d3       93%         4
 Leda's Liquefaction      Hex/Erth       0%         N/A       93%         4
 Alistair's Intoxication  Tmut/Pois      2%         N/A       99%         5
 Borgnjor's Vile Clutch   Necr/Erth      0%         N/A       100%        5
 Freezing Cloud           Conj/Ice/Air   0%         6-21      100%        5
 Lee's Rapid Deconstruct  Erth           0%         3d5*      100%        5
 Eringya's Noxious Bog    Tmut/Pois      2%         N/A       100%        6
 Statue Form              Tmut/Erth      2%         N/A       100%        6
 Enfeeble                 Hex            0%         N/A       100%        7
 Summon Hydra             Summ           0%         N/A       100%        7


Dungeon Overview and Level Annotations

Branches:
Dungeon (6/15)
 Temple: D:4-7

Altars:
Kikubaaqudgha
Trog

Shops:
D:5 [


Innate Abilities, Weirdness & Mutations

You cannot wear most types of armour.
You are amphibious.
You can wear up to eight rings at the same time.
Your skin changes colour to match your surroundings (Stealth+).
Your rubbery body absorbs attacks. (AC +1, EV +1)
((You are camouflaged when in or above water. (Stealth+)))
You have tentacles for arms and can constrict up to eight enemies at once.


Message History

A bullfrog comes into view.
A bullfrog is nearby!
A bullfrog is nearby!
You shoot a bolt. The bolt hits the bullfrog!!
The bullfrog gives a loud, deep croak!
The bullfrog is almost dead.
You shoot a bolt. The bolt hits the bullfrog!
You kill the bullfrog!
No target in view!
z - a scroll labelled JEBYPP JUOMEK A bullfrog comes into view.
The bullfrog moves out of view.
You see here a bullfrog corpse.
A manticore comes into view.
A manticore is nearby!
A manticore is nearby!
You shoot a bolt.
The bolt hits the manticore but does no damage.
You hear a croak.
The manticore flicks its tail.
The volley of spikes hits you!!
The barbed spikes become lodged in your body.
You shoot a bolt. The bolt hits the manticore!
Lightning courses through the manticore!
The manticore is moderately wounded.
You hear a croak.
You shoot a bolt.
The bolt hits the manticore but does no damage.
The manticore is moderately wounded.
The manticore barely misses you. The manticore misses you.
The manticore claws you! The manticore bites you. The manticore claws you!
* * * LOW HITPOINT WARNING * * *
You block the manticore's attack.
Okay, then.
Okay, then.
You fade into invisibility!
The manticore bites you.
* * * LOW HITPOINT WARNING * * *
The manticore claws you.
You die...

#.# #.#####.. ###.# #.# #.#
######## #...# #.# #.#
#......###.#.###### #.# #..
####.≈≈≈≈...≈≈≈≈.....# #.# ###
.....≈##≈≈.#≈##≈≈###.####.#
≈≈##.≈≈##≈≈≈≈≈##≈≈≈≈≈≈≈...##
#≈≈≈≈≈≈≈##############≈≈≈≈≈###
##≈######..≈#..≈@# #####≈≈≈##
≈###.#.#.#.#..#.#H# ###≈≈#
≈...≈.≈...#..≈†#.F.# ##≈#
≈###.#.#.#..#.#.#.#.... ####≈≈###
##≈######.#≈.#.≈.#.######≈≈≈≈....
#≈≈≈≈≈≈≈############≈≈≈≈≈≈.######
≈≈###≈≈##≈≈≈≈≈≈≈≈##≈≈......#
####.≈##≈≈.....≈##≈≈..######
##≈≈≈≈......≈≈≈≈####


You could see a manticore (can't see you) and a bullfrog (can't see you).

Vanquished Creatures
  Menkaure (D:6)
  Edmund (D:5)
  3 black bears
  An ogre (D:4)
  A phantom (D:4)
  A bullfrog (D:6)
  A scorpion (D:5)
  A howler monkey (D:5)
  3 orc priests
  2 hounds (D:5)
  3 jellies
  Jessica (D:2)
  3 iguanas (D:5)
  5 orc wizards
  9 adders
  3 gnolls (D:3)
  4 shadow imps
  A white imp (D:5)
  An ufetubus (D:6)
  A worm (D:3)
  3 dart slugs
  12 orcs
  5 ball pythons
  6 endoplasms
  4 giant cockroaches
  3 hobgoblins
  4 quokkas
  3 bats
  4 frilled lizards
  12 goblins
  16 kobolds
  4 rats
122 creatures vanquished.

Notes
Turn   | Place    | Note
-------+----------+-------------------------------------------
     0 | D:1      | NoAnimeNoLife the Octopode Transmuter began the quest for
                  | the Orb.
     0 | D:1      | Reached XP level 1. HP: 13/13 MP: 3/3
    43 | D:1      | Reached skill level 1 in Stealth
   230 | D:1      | Reached XP level 2. HP: 18/18 MP: 5/5
   917 | D:1      | Found a faded altar of an unknown god.
  1119 | D:2      | Noticed Jessica
  1129 | D:2      | Killed Jessica
  1130 | D:2      | Reached XP level 3. HP: 24/24 MP: 4/6
  1307 | D:2      | Learned a level 2 spell: Wereblood
  1739 | D:2      | Reached XP level 4. HP: 21/29 MP: 7/7
  2620 | D:3      | Identified a scroll of acquirement
  2623 | D:3      | Acquired the +11 arbalest "Tuross" {elec, rElec Int-3
                  | Dex+4}
  2725 | D:3      | Reached XP level 5. HP: 35/35 MP: 8/8
  2758 | D:3      | Reached skill level 1 in Crossbows
  3036 | D:3      | Reached skill level 2 in Crossbows
  3603 | D:4      | Reached skill level 3 in Crossbows
  3873 | D:4      | Reached XP level 6. HP: 41/41 MP: 9/9
  3979 | D:4      | Reached skill level 4 in Crossbows
  4246 | D:4      | Reached skill level 5 in Crossbows
  4246 | D:4      | Reached XP level 7. HP: 18/45 MP: 10/10
  4574 | D:4      | Found a bloodstained altar of Trog.
  5027 | D:5      | Entered Level 5 of the Dungeon
  5180 | D:5      | Reached skill level 6 in Crossbows
  5443 | D:5      | Found Xexza's Armour Shop.
  5591 | D:5      | Reached skill level 7 in Crossbows
  5683 | D:5      | Noticed Edmund
  5689 | D:5      | Reached XP level 8. HP: 37/51 MP: 11/11
  5709 | D:5      | Killed Edmund
  5993 | D:5      | Found an ancient bone altar of Kikubaaqudgha.
  6019 | D:5      | Reached skill level 8 in Crossbows
  6354 | D:6      | Noticed Menkaure
  6356 | D:6      | Killed Menkaure
  6789 | D:6      | Reached skill level 9 in Crossbows
  7188 | D:6      | Noticed a manticore
  7192 | D:6      | HP: 2/51 [manticore (6)]
  7192 | D:6      | Slain by a manticore

Illustrated notes

Levels and vault maps discovered:
D:1:      lightli_arrival_chessboard, layout_loops_ring,
          dreamdust_ecumenical_altar_hidden_monk_grotto, minmay_heptomino_l4
D:2:      minmay_razor_zed, layout_loops_corners, uniq_jessica
D:3:      kennysheep_six_static_rooms, layout_basic
D:4:      layout_basic, trog_hazing_becter
D:5:      layout_gridville, mainiacjoe_overflow_alcove_4,
          nicolae_wooded_promenade, uniq_edmund
D:6:      layout_loops_ring, hangedman_decor_clover_reticule, minivault_10,
          minmay_manual_mullet, uniq_menkaure

Skill      XL: |  1  2  3  4  5  6  7  8 |
---------------+-------------------------+-----
Stealth        | 1 2 3 |  3.3
Fighting       | 2 |  2.6
Crossbows      | 3 5 7 9 |  9.7
Dodging        | |  2.0
Unarmed Combat | |  3.9
Spellcasting   | |  2.0
Transmutations | |  2.0

Action                   |  1- 3 |  4- 6 |  7- 9 || total
-------------------------+-------+-------+-------++-------
Melee: Unarmed           |    58 |    25 |       ||    83
       Constrict         |    14 |    11 |       ||    25
       Kick              |     7 |     9 |       ||    16
       Tentacles         |     8 |     6 |       ||    14
 Fire: Arbalest          |       |    66 |    99 ||   165
 Cast: Beastly Appendage |    11 |     8 |       ||    19
Evoke: Wand              |     1 |       |       ||     1
  Use: Potion            |     2 |       |     3 ||     5
       Scroll            |       |     9 |     1 ||    10
 Stab: Sleeping          |     7 |     2 |       ||     9
       Invisible         |       |     1 |       ||     1
Armor: Skin              |     5 |     2 |     2 ||     9
Dodge: Dodged            |    32 |    23 |    13 ||    68
Block: Other             |       |       |     1 ||     1

Table legend: (Time is in decaauts)
 A = Elapsed time spent in this place.
 B = Non-inter-level travel time spent in this place.
 C = Inter-level travel time spent in this place.
 D = Time resting spent in this place.
 E = Time spent auto-exploring this place.
 F = Levels seen in this place.
 G = Mean time per level.
                   A        B        C        D        E       F      G
               +--------+--------+--------+--------+--------+-----+--------+
         Total |   7276 |   7112 |    164 |    956 |   5340 |   6 | 1212.7 |
       Dungeon |   7276 |   7112 |    164 |    956 |   5340 |   6 | 1212.7 |
               +--------+--------+--------+--------+--------+-----+--------+

Top non-repeatable levels by time:
     D:4: 1729 daAuts
     D:2: 1337 daAuts
     D:1: 1112 daAuts
     D:5: 1099 daAuts
     D:3: 1053 daAuts
     D:6: 943 daAuts
